 Dungeon Crawl Stone Soup version 0.31-a0-859-g9dce7d3444 (webtiles) character file.

Game seed: 1677698121079045038

42 TerraDOOM the Shield-Bearer (level 3, 0/24 HPs)
             Began as a Gargoyle Fighter on Oct 10, 2023.
             Slain by Natasha (2 damage)
             ... on level 2 of the Dungeon.
             The game lasted 00:01:19 (707 turns).

TerraDOOM the Shield-Bearer (Gargoyle Fighter)       Turns: 707, Time: 00:01:21

Health: 0/24       AC: 10    Str: 21    XL:     3   Next: 54%
Magic:  3/3        EV:  9    Int:  8    God:
Gold:   29         SH:  4    Dex:  9    Spells: 2/2 levels left

rFire   . . .        a - +0 flail
rCold   . . .        c - +0 buckler
rNeg    + . .        b - +0 scale mail
rPois   ∞            (no helmet)
rElec   +            (no cloak)
rCorr   .            (no gloves)
SInv    .            (no boots)
Will    .....        (no amulet) Stlth
                     (no ring)
HPRegen 0.24/turn    (no ring)
MPRegen 0.08/turn

%: no passive effects
@: no status effects
A: sickness immunity, AC +3, negative energy resistance 1, electricity
resistance, torment resistance 1, petrification resistance
a: no special abilities


You were on level 2 of the Dungeon.
You visited 1 branch of the dungeon, and saw 2 of its levels.

You collected 29 gold pieces.

Inventory:

Hand Weapons
 a - a +0 flail (weapon)
Armour
 b - a +0 scale mail (worn)
 c - a +0 buckler (worn)
Jewellery
 f - a ring of protection from cold
Scrolls
 e - a scroll of immolation {unknown}
Potions
 d - a potion of might
 g - a potion of mutation {unknown}


   Skills:
 + Level 3.7 Fighting
 + Level 2.5 Maces & Flails
 + Level 3.7 Armour
 + Level 3.8 Shields


You had 2 spell levels left.
You didn't know any spells.
Your spell library was empty.

Dungeon Overview and Level Annotations

Branches:
Dungeon (2/15)

Altars:

Annotations:
D:2 Natasha


Innate Abilities, Weirdness & Mutations

You are immune to sickness and miasma.
Your stone body is resilient. (AC +3)
You are immune to poison.
You resist negative energy. (rN+)
You are resistant to electric shocks. (rElec)
You are resistant to unholy torment.
You are immune to petrification.


Message History

No target in view!
No target in view!
No target in view!
No target in view!
A goblin comes into view. It is wielding a +0 club.
The goblin shouts!
You hear an angry hiss.
You see here an adder corpse.
You sock the goblin!
You kill the goblin!
Natasha, Servant of Life and Death comes into view.
An endoplasm comes into view.
Natasha hisses angrily.
The endoplasm quivers.
Things that are here:
a +0 club; a scroll labelled GOBYKH MEURAH; a goblin corpse You hit the endoplasm.
The endoplasm is severely wounded.
The endoplasm freezes you.
You are frozen.
The endoplasm hits you.
You hit the endoplasm.
You kill the endoplasm!
Natasha claws you!
You thump Natasha!
Natasha is almost dead.
Natasha stares at you and mumbles some strange words.
The magic dart hits you!
* * * LOW HITPOINT WARNING * * *
You are too injured to fight recklessly!
You are too injured to fight recklessly!
You closely miss Natasha.
Natasha is almost dead.
Natasha claws you but does no damage.
You closely miss Natasha.
Natasha is almost dead.
Natasha mumbles some strange words.
Natasha glows brightly for a moment.
Natasha casts a spell at you. You resist with significant effort.
Natasha claws you.
You die...
Natasha begins licking her fur clean.

##.# #..# #<#
#.# ### #.#
...# ##†##...#
.#####.......#
.........#...#
.######@.....#
......[h.......
.######.##.....
#.# .#... ...
..... ... ##..
... .....


You could see Natasha.

Vanquished Creatures
  2 adders
  A worm (D:1)
  2 ball pythons (D:1)
  2 endoplasms (D:2)
  3 goblins
  2 hobgoblins (D:1)
  A kobold (D:1)
  A quokka (D:1)
  2 bats (D:1)
  A frilled lizard (D:1)
  3 rats (D:1)
20 creatures vanquished.

Notes
Turn   | Place    | Note
-------+----------+-------------------------------------------
     0 | D:1      | TerraDOOM the Gargoyle Fighter began the quest for the Orb.
     0 | D:1      | Reached XP level 1. HP: 14/14 MP: 1/1
   200 | D:1      | Reached XP level 2. HP: 19/19 MP: 2/2
   584 | D:2      | Reached XP level 3. HP: 9/23 MP: 3/3
   701 | D:2      | Noticed Natasha
   707 | D:2      | Slain by Natasha

Illustrated notes

Levels and vault maps discovered:
D:1:      kennysheep_arrival_seaside, layout_rooms
D:2:      layout_rooms, uniq_natasha, uniq_jessica

Action                     || total
---------------------------++-------
  Melee: Flail             ||    94
 Armour: Scale mail        ||    66
  Dodge: Dodged            ||    61
  Block: Buckler           ||    24

Table legend: (Time is in decaauts)
 A = Elapsed time spent in this place.
 B = Non-inter-level travel time spent in this place.
 C = Inter-level travel time spent in this place.
 D = Time resting spent in this place.
 E = Time spent auto-exploring this place.
 F = Levels seen in this place.
 G = Mean time per level.
                   A        B        C        D        E       F      G
               +--------+--------+--------+--------+--------+-----+--------+
         Total |    741 |    700 |     41 |    105 |    394 |   2 |  370.5 |
       Dungeon |    741 |    700 |     41 |    105 |    394 |   2 |  370.5 |
               +--------+--------+--------+--------+--------+-----+--------+

Top non-repeatable levels by time:
     D:1: 698 daAuts
     D:2: 43 daAuts
